[Event "Titled Tuesday Blitz June 20 Early 2023"]
[White "Kochiev, Ivan"]
[Black "Larina, Maria"]
[WhiteFideId "2917890"]
[BlackFideId "24113182"]
[WhiteElo "2287"]
[BlackElo "1848"]
[Result "1-0"]
[Round "9"]
[TimeControl "180+2"]
[Date "2023.06.20"]
[WhiteClock "0:00:33"]
[BlackClock "0:00:05"]
[Board "117"]

1. e4 c6 2. d4 d5 3. Nc3 dxe4 4. Nxe4 Nf6 5. Nxf6+ exf6 6. c3 Bd6 7. Bd3 O-O 8. Ne2 Re8 9. O-O h5 10. Nf4 Bxf4 11. Bxf4 Bg4 12. Qc2 Nd7 13. Rfe1 Nf8 14. h3 Be6 15. Re3 h4 16. Rae1 Qd7 17. b3 a5 18. g3 g5 19. Be5 fxe5 20. dxe5 Bxh3 21. gxh4 gxh4 22. Kh2 Bg4 23. Rg1 Kh8 24. Re4 Rad8 25. Rd4 Qe6 26. Rdxg4 Qxe5+ 27. Kh3 Ng6 28. Bxg6 fxg6 29. Rxh4+ Kg7 30. Qxg6+ Kf8 31. Rf4+ Qxf4 32. Qg7# 1-0


[Site "https://www.chess.com"]

[Event "Titled Tuesday Blitz June 20 Early 2023"]
[White "Sariego Figueredo, Wilfredo"]
[Black "Reprintsev, Alexander"]
[WhiteFideId "3500080"]
[BlackFideId "14100541"]
[WhiteElo "2309"]
[BlackElo "2229"]
[Result "1/2-1/2"]
[Round "9"]
[TimeControl "180+2"]
[Date "2023.06.20"]
[WhiteClock "0:00:15"]
[BlackClock "0:00:19"]
[Board "118"]

1. d4 d5 2. Bf4 Nf6 3. e3 c5 4. c3 Qb6 5. Qc2 g6 6. Bd3 c4 7. Be2 Bf5 8. Qc1 Nc6 9. Nd2 Bg7 10. Ngf3 O-O 11. O-O h6 12. h3 Nd7 13. b3 cxb3 14. axb3 e5 15. Nxe5 Ndxe5 16. Bxe5 Nxe5 17. dxe5 Bxe5 18. Nf3 Bg7 19. Nd4 Bd7 20. b4 a6 21. Rd1 Rac8 22. Qa3 Rfd8 23. Rac1 Kh7 24. Bf3 Be6 25. Qa5 Qxa5 26. bxa5 Rc5 27. Rb1 Rd7 28. Rb6 Bxd4 29. cxd4 Rxa5 30. Rdb1 Kg7 31. Rxb7 Rxb7 32. Rxb7 Ra1+ 33. Kh2 Kf6 34. Ra7 Ra5 35. Kg3 Bf5 36. Be2 Bc8 37. Ra8 Bb7 38. Ra7 Bc8 39. Rc7 Be6 40. Rc6 Ra2 41. Bxa6 g5 42. Bc8 h5 43. Bxe6 fxe6 44. Rc8 Kf5 45. Rf8+ Kg6 46. Kf3 Rb2 47. g3 Ra2 48. Rg8+ Kf6 49. Rh8 Kg6 50. g4 h4 51. Rg8+ Kf6 52. Rf8+ Kg6 53. Re8 Kf7 54. Rb8 Ra1 55. Kg2 Kf6 56. Rb2 Ra3 57. Rd2 Rb3 58. Kf1 Ra3 59. Kg2 Rb3 60. Re2 Ra3 61. e4 Rd3 62. exd5 exd5 63. Re5 Rxd4 64. Rf5+ Kg6 65. Re5 Rd3 66. Re6+ Kf7 67. Re5 Kf6 68. Rf5+ Kg6 69. Re5 Rd2 70. Kf3 Rd1 71. Re6+ Kf7 72. Re5 Kf6 73. Rf5+ Kg6 74. Re5 Rd3+ 75. Kg2 Rd1 76. Re6+ Kf7 77. Re5 Kf6 78. Rf5+ Kg6 79. Re5 Rd2 80. Re6+ Kf7 81. Rd6 Rd3 82. Kh2 Kg7 83. Kg2 Kf7 84. Kh2 Kg7 85. Kg2 Kf7 1/2-1/2


[Site "https://www.chess.com"]

[Event "Titled Tuesday Blitz June 20 Early 2023"]
[White "Brown, Raehanna"]
[Black "LangesNasenhaar"]
[WhiteFideId "7402740"]
[WhiteElo "1655"]
[BlackElo "2456"]
[Result "1-0"]
[Round "9"]
[TimeControl "180+2"]
[Date "2023.06.20"]
[WhiteClock "0:00:13"]
[BlackClock "0:00:10"]
[Board "119"]

1. c4 b6 2. Nc3 Bb7 3. e4 e6 4. d4 f5 5. exf5 Nf6 6. fxe6 dxe6 7. Be3 Bb4 8. Nf3 O-O 9. Be2 Ng4 10. Qd2 Nc6 11. O-O Qf6 12. h3 Nxe3 13. Qxe3 Rae8 14. Ne4 Qg6 15. Bd3 Qh5 16. Ng3 Qh6 17. Qxh6 gxh6 18. Rad1 Bd6 19. Ne4 Bf4 20. a3 a5 21. Bc2 Rd8 22. d5 exd5 23. cxd5 Ne5 24. Nxe5 Bxe5 25. Bb3 Kg7 26. Rd2 a4 27. Ba2 Rfe8 28. Ng3 Bf4 29. Nh5+ Kg6 30. Nxf4+ Kf5 31. Nh5 Kg5 32. Ng3 h5 33. Rfd1 h4 34. Nf1 Rd6 35. Ne3 Kf4 36. Bb1 h6 37. Nf5 Rf6 38. g3+ hxg3 39. fxg3+ Kg5 40. h4+ Kg4 41. Kg2 Kh5 42. Ng7+ Kg4 43. Rd4+ Rf4 44. Rxf4# 1-0


[Site "https://www.chess.com"]

[Event "Titled Tuesday Blitz June 20 Early 2023"]
[White "Hambleton, Aman"]
[Black "Spichkin, Alexander"]
[WhiteFideId "2606577"]
[BlackFideId "4144074"]
[WhiteElo "2511"]
[BlackElo "1986"]
[Result "0-1"]
[Round "9"]
[TimeControl "180+2"]
[Date "2023.06.20"]
[WhiteClock "0:00:00"]
[BlackClock "0:01:42"]
[Board "120"]

1. e4 e5 2. Nf3 d5 3. exd5 e4 4. Qe2 Nf6 5. d3 Bb4+ 6. Bd2 O-O 7. dxe4 Re8 8. e5 Nxd5 9. Bxb4 Nxb4 10. a3 N8c6 11. axb4 Bg4 12. Nbd2 Rxe5 13. Qxe5 Nxe5 14. Nxe5 Qe7 15. f4 f6 16. Bc4+ Be6 17. O-O fxe5 18. fxe5 Bxc4 19. Nxc4 Qxb4 20. b3 b5 21. Na5 Qc5+ 22. Kh1 Qxe5 23. Nc6 Qe2 24. Rfe1 Qxc2 25. Rac1 Qxb3 26. Ne7+ Kh8 27. Rxc7 a5 28. Rec1 h6 29. h4 h5 30. R1c5 Qd1+ 31. Kh2 b4 0-1


[Site "https://www.chess.com"]

[Event "Titled Tuesday Blitz June 20 Early 2023"]
[White "Ilkhomi, Jaloliddin"]
[Black "Dwilewicz, Katarzyna"]
[WhiteFideId "14700948"]
[BlackFideId "1148486"]
[WhiteElo "2045"]
[BlackElo "2098"]
[Result "1-0"]
[Round "9"]
[TimeControl "180+2"]
[Date "2023.06.20"]
[WhiteClock "0:01:42"]
[BlackClock "0:00:00"]
[Board "121"]

1. Nf3 b6 2. d4 Bb7 3. Bf4 Nf6 4. Nbd2 g6 5. c3 Bg7 6. e3 Nh5 7. Bg5 h6 8. Bh4 g5 9. Bg3 Nxg3 10. hxg3 d6 11. Bd3 Nd7 12. Qe2 e5 13. O-O-O Qe7 14. Ba6 O-O-O 15. Bxb7+ Kxb7 16. e4 exd4 17. cxd4 c5 18. dxc5 dxc5 19. Nc4 Nb8 20. e5 Rhe8 21. Qe4+ Nc6 22. Rhe1 Rxd1+ 23. Rxd1 Rd8 24. Nd6+ Kc7 25. Nb5+ Kb7 26. Rxd8 Qxd8 27. Nxa7 Kxa7 28. Qxc6 Qe7 29. Qd5 g4 30. Nd2 Bxe5 31. Nc4 Bd4 32. Kc2 Qe6 33. Qxe6 fxe6 34. f3 h5 35. Kd3 Bf2 36. fxg4 hxg4 37. Ne5 Bxg3 38. Nxg4 Kb7 39. Nf6 Kc6 40. a4 Be5 41. Ne4 Bxb2 42. Kc4 Be5 43. g4 Bg7 44. g5 Be5 45. g6 Bg7 46. Ng5 Kd6 47. Kb5 Ke5 48. Kxb6 c4 49. Nf3+ Kf4 50. Ne1 c3 51. a5 Kg5 52. Kc5 Kxg6 53. a6 Bh6 54. Kd4 Bg7+ 55. Kd3 1-0


[Site "https://www.chess.com"]

[Event "Titled Tuesday Blitz June 20 Early 2023"]
[White "Bueno, Alfeu Junior Varela"]
[Black "Arat, Ufuk Sezen"]
[WhiteFideId "2108879"]
[BlackFideId "6309089"]
[WhiteElo "2175"]
[BlackElo "2289"]
[Result "0-1"]
[Round "9"]
[TimeControl "180+2"]
[Date "2023.06.20"]
[WhiteClock "0:00:06"]
[BlackClock "0:00:49"]
[Board "122"]

1. e4 c5 2. Nc3 e6 3. f4 d5 4. Nf3 Nf6 5. Bb5+ Bd7 6. e5 Bxb5 7. Nxb5 Nfd7 8. O-O Nc6 9. c3 a6 10. Na3 c4 11. Nc2 Nc5 12. d4 cxd3 13. Nce1 d4 14. cxd4 Nxd4 15. Be3 Nxf3+ 16. Qxf3 Be7 17. f5 exf5 18. Qxf5 O-O 19. Rd1 Qa5 20. a3 Qb5 21. b4 Ne6 22. Nxd3 Rad8 23. Nf2 a5 24. bxa5 Qxa5 25. Rxd8 Bxd8 26. Bc1 Nd4 27. Qe4 Ne6 28. a4 Bb6 29. Kh1 Bxf2 30. Rxf2 Rd8 31. Rf1 h6 32. Qxb7 Qxe5 33. Qxf7+ Kh8 34. Qe7 Qe2 35. Rg1 Rd1 36. Be3 Re1 37. Qxe6 Rxg1+ 38. Bxg1 Qxe6 0-1


[Site "https://www.chess.com"]

[Event "Titled Tuesday Blitz June 20 Early 2023"]
[White "Karamsetty, Jeevan"]
[Black "Shapiro, Daniel"]
[WhiteFideId "2025337"]
[BlackFideId "2001780"]
[WhiteElo "2131"]
[BlackElo "2341"]
[Result "1-0"]
[Round "9"]
[TimeControl "180+2"]
[Date "2023.06.20"]
[WhiteClock "0:01:56"]
[BlackClock "0:00:00"]
[Board "123"]

1. e4 e5 2. Nf3 Nc6 3. Bb5 a6 4. Ba4 Nf6 5. O-O Be7 6. Re1 b5 7. Bb3 d6 8. c3 O-O 9. d4 Bg4 10. d5 Na5 11. Bc2 c6 12. h3 Bc8 13. dxc6 Qc7 14. Nbd2 Qxc6 15. Nf1 Rd8 16. Ne3 h6 17. Nd5 Nxd5 18. exd5 Qd7 19. Be3 Nb7 20. Bb6 Rf8 21. a4 Rb8 22. b4 f5 23. axb5 axb5 24. Ra7 Bd8 25. Bxd8 Qxd8 26. Qa1 Qf6 27. Nd2 e4 28. Nb3 Qe5 29. Nd4 Nd8 30. Qa5 Qxd5 31. Bb3 1-0


[Site "https://www.chess.com"]

[Event "Titled Tuesday Blitz June 20 Early 2023"]
[White "Bilan, Danila"]
[Black "Ovezdurdyyeva, Jemal"]
[WhiteFideId "24161918"]
[BlackFideId "14001888"]
[WhiteElo "2146"]
[BlackElo "2069"]
[Result "0-1"]
[Round "9"]
[TimeControl "180+2"]
[Date "2023.06.20"]
[WhiteClock "0:00:03"]
[BlackClock "0:00:20"]
[Board "124"]

1. d4 d6 2. Nf3 Nf6 3. g3 g6 4. Bg2 Bg7 5. O-O O-O 6. c4 c6 7. Nc3 Nbd7 8. Qc2 e5 9. Rd1 Qe7 10. dxe5 dxe5 11. e4 Nc5 12. Be3 Bg4 13. h3 Bxf3 14. Bxf3 Ne6 15. Ne2 Nd7 16. Bg4 h5 17. Bxe6 Qxe6 18. Kg2 f5 19. c5 fxe4 20. Qxe4 Qf7 21. Rd6 Nf6 22. Qd3 Nd5 23. Nc3 Qf3+ 24. Kg1 Nxc3 25. bxc3 e4 26. Qc4+ Kh7 27. Rd7 Rad8 28. Rd6 h4 29. g4 Qxh3 30. Qe6 Rf6 31. Qxe4 Rdxd6 32. cxd6 Rxd6 33. Rc1 Rd5 34. c4 Re5 35. Qf4 g5 36. Qh2 Qxg4+ 37. Qg2 Qxg2+ 38. Kxg2 Kg6 39. Rd1 g4 40. Rd7 b5 41. Rxa7 bxc4 42. Rc7 Re6 43. a4 h3+ 44. Kg1 Rd6 45. a5 Rd1+ 46. Kh2 Be5+ 47. f4 Bxc7 48. Kg3 Ra1 49. Kh4 Rxa5 0-1


[Site "https://www.chess.com"]

[Event "Titled Tuesday Blitz June 20 Early 2023"]
[White "Rios Escobar, Adan"]
[Black "Cardozo Munar, Carlos Eduardo"]
[WhiteFideId "3403645"]
[BlackFideId "4409477"]
[WhiteElo "2474"]
[BlackElo "2067"]
[Result "1-0"]
[Round "9"]
[TimeControl "180+2"]
[Date "2023.06.20"]
[WhiteClock "0:02:14"]
[BlackClock "0:00:11"]
[Board "125"]

1. d4 d5 2. g3 Nf6 3. Nf3 c6 4. c4 Bf5 5. Nc3 e6 6. Nh4 Bg6 7. Qb3 Qc8 8. Nxg6 hxg6 9. Bg2 Nbd7 10. O-O a6 11. e4 dxe4 12. Nxe4 Nxe4 13. Bxe4 Nf6 14. Bf3 Bd6 15. Bg5 Rb8 16. d5 cxd5 17. cxd5 Nxd5 18. Bxd5 exd5 19. Rfe1+ Kf8 20. Qxd5 Qc6 21. Rad1 Qxd5 22. Rxd5 Bb4 23. Re4 a5 24. a3 f5 25. Re2 Rh5 26. Bf4 Re8 27. Rxe8+ Kxe8 28. axb4 axb4 29. Rb5 g5 30. Rxf5 1-0


[Site "https://www.chess.com"]

[Event "Titled Tuesday Blitz June 20 Early 2023"]
[White "Papayan, Oleg"]
[Black "Vaglio Munoz, Jaime"]
[WhiteFideId "4193911"]
[BlackFideId "6500145"]
[WhiteElo "2167"]
[BlackElo "2199"]
[Result "1-0"]
[Round "9"]
[TimeControl "180+2"]
[Date "2023.06.20"]
[WhiteClock "0:00:14"]
[BlackClock "0:00:00"]
[Board "126"]

1. e4 c5 2. d4 cxd4 3. Qxd4 Qa5+ 4. Nc3 Nc6 5. Qd3 Nf6 6. Nf3 d6 7. Bd2 a6 8. Nd5 Qd8 9. Nxf6+ gxf6 10. O-O-O Be6 11. Kb1 Qb6 12. Qe3 Qxe3 13. Bxe3 h5 14. Nd4 Nxd4 15. Rxd4 h4 16. Rb4 b5 17. a4 bxa4 18. Rxa4 a5 19. b4 Rh5 20. Bb6 Rb8 21. Bxa5 Bd7 22. Ra3 Re5 23. Bd3 e6 24. f4 Rh5 25. Be2 Rxa5 26. Rxa5 Rxb4+ 27. Kc1 Rxe4 28. Bb5 Bxb5 29. Rxb5 Rxf4 30. g3 Rc4 31. Rb8+ Ke7 32. Rd1 Bh6+ 33. Kb2 hxg3 34. hxg3 d5 35. Rb7+ Kf8 36. Rh1 Bg7 37. Rb8+ Ke7 38. Rh7 Rg4 39. Rg8 Rxg3 40. Rgxg7 Rf3 41. Rxf7+ Kd6 42. Rd7+ Ke5 43. Rh5+ f5 44. Re7 d4 45. Rh6 Rf2 46. Rhxe6+ Kd5 47. Re2 Rf3 48. R7e5+ Kd6 49. Ra5 f4 50. Rd2 Kc6 51. Rxd4 Rf2 52. Rf5 f3 53. Rdf4 Re2 54. Rxf3 Re8 55. Rc3+ Kd6 56. Rf4 Rb8+ 57. Rb3 Rh8 58. Rd4+ Kc5 59. Rdd3 Kc4 60. Rbc3+ Kb4 61. Rd4+ Kb5 62. Kb3 Rh1 63. Rcc4 Rh3+ 64. c3 Rh1 65. Rd5+ Kb6 66. Rb4+ Kc6 67. Rg5 Rh6 68. c4 1-0


[Site "https://www.chess.com"]

[Event "Titled Tuesday Blitz June 20 Early 2023"]
[White "Vifleemskaia, Svetlana"]
[Black "Zheenbekov, Nurgazy"]
[WhiteFideId "4129490"]
[BlackFideId "13800485"]
[WhiteElo "1930"]
[BlackElo "1975"]
[Result "0-1"]
[Round "9"]
[TimeControl "180+2"]
[Date "2023.06.20"]
[WhiteClock "0:00:00"]
[BlackClock "0:00:29"]
[Board "127"]

1. d4 Nf6 2. c4 c5 3. d5 e6 4. Nc3 exd5 5. cxd5 d6 6. e4 g6 7. Nge2 Bg7 8. Ng3 O-O 9. Be2 a6 10. a4 Nbd7 11. O-O Rb8 12. Bf4 Qc7 13. Rc1 Re8 14. b4 b6 15. b5 a5 16. Qd2 Ne5 17. Bh6 Bh8 18. h3 c4 19. Be3 Ned7 20. Bd4 Nc5 21. Bxc4 Qe7 22. Rfe1 Nfd7 23. Bxh8 Kxh8 24. Qd4+ Qe5 25. Rcd1 Kg8 26. Bf1 h5 27. Qxe5 Nxe5 28. f4 Ned7 29. Be2 h4 30. Nf1 Nxe4 31. Bd3 f5 32. Bxe4 fxe4 33. Nxe4 Kf8 34. Nxd6 Rxe1 35. Rxe1 Nc5 36. Re8+ Kg7 37. Rxc8 Rxc8 38. Nxc8 Nxa4 39. Ne3 Kf6 40. Kf2 Nc3 41. Ng4+ Kf5 42. Nxb6 Nxb5 43. Ke3 Nc3 44. Kd3 Nb5 45. Ke3 Nd6 46. Ne5 g5 47. Nd3 g4 48. hxg4+ Kxg4 49. Ne5+ Kg3 50. Nec4 Nb7 51. d6 Kxg2 52. Nd2 h3 53. Nf3 Nxd6 0-1


[Site "https://www.chess.com"]

[Event "Titled Tuesday Blitz June 20 Early 2023"]
[White "Brueckner, Thomas"]
[Black "Luna Javier, Edgar Froylan"]
[WhiteFideId "4600452"]
[BlackFideId "5120101"]
[WhiteElo "2319"]
[BlackElo "2091"]
[Result "1-0"]
[Round "9"]
[TimeControl "180+2"]
[Date "2023.06.20"]
[WhiteClock "0:00:16"]
[BlackClock "0:00:00"]
[Board "128"]

1. d4 Nf6 2. c4 g6 3. Nc3 d5 4. cxd5 Nxd5 5. Bd2 Bg7 6. e4 Nb6 7. Be3 O-O 8. h3 Nc6 9. Nf3 f5 10. exf5 Bxf5 11. Be2 e5 12. Qb3+ Kh8 13. dxe5 Nxe5 14. Nxe5 Bxe5 15. Rd1 Qh4 16. g3 Qf6 17. h4 Rae8 18. Bc5 Rf7 19. O-O h6 20. a4 Kh7 21. Bd3 Bh3 22. a5 Nd7 23. Ne4 Qe6 24. Bc4 Qg4 25. Bxf7 Qxe4 26. Bd5 Nxc5 27. Qb5 Qg4 28. Qxe8 Qxg3+ 29. fxg3 1-0


[Site "https://www.chess.com"]

[Event "Titled Tuesday Blitz June 20 Early 2023"]
[White "Mrudul Dehankar"]
[Black "Martin, Lewis"]
[WhiteFideId "25096990"]
[BlackFideId "410551"]
[WhiteElo "2139"]
[BlackElo "2145"]
[Result "1-0"]
[Round "9"]
[TimeControl "180+2"]
[Date "2023.06.20"]
[WhiteClock "0:00:59"]
[BlackClock "0:01:34"]
[Board "129"]

1. e4 c5 2. Nf3 d6 3. d4 cxd4 4. Nxd4 Nf6 5. Nc3 a6 6. Bg5 e6 7. f4 b5 8. e5 dxe5 9. fxe5 Qc7 10. exf6 Qe5+ 11. Be2 Qxg5 12. O-O Nd7 13. Bf3 Ra7 14. Ne4 Qe5 15. Nc6 Qc7 16. fxg7 Bxg7 17. Nd6+ Kf8 18. Nxa7 Qxa7+ 19. Kh1 Qc7 20. Bb7 Bxb7 21. Rxf7+ Kg8 22. Qg4 Ne5 23. Qxg7# 1-0


[Site "https://www.chess.com"]

[Event "Titled Tuesday Blitz June 20 Early 2023"]
[White "Kohler, Aran"]
[Black "Gomes, Luiz Alexandre de Souza"]
[WhiteFideId "1002856"]
[BlackFideId "2102790"]
[WhiteElo "2304"]
[BlackElo "2418"]
[Result "1/2-1/2"]
[Round "9"]
[TimeControl "180+2"]
[Date "2023.06.20"]
[WhiteClock "0:00:17"]
[BlackClock "0:00:28"]
[Board "130"]

1. d4 Nf6 2. Nf3 g6 3. Bg5 Bg7 4. Nbd2 O-O 5. e3 d6 6. Bd3 b6 7. h4 Bb7 8. c3 h5 9. Qb3 e6 10. O-O-O c5 11. dxc5 dxc5 12. Ne4 Qe7 13. Ne5 Nc6 14. Nxc6 Bxc6 15. Nxf6+ Bxf6 16. Bxf6 Qxf6 17. f3 Rfd8 18. Bb5 Bxb5 19. Qxb5 Rxd1+ 20. Kxd1 Rd8+ 21. Ke2 Qf5 22. Qb3 c4 23. e4 Qf4 24. Qc2 Qg3 25. Kf1 Rd3 26. Rh3 Qd6 27. Ke2 f5 28. exf5 Qe5+ 29. Kf2 Qe3+ 30. Kg3 exf5 31. Kh2 Rd2 32. Qa4 Qf4+ 33. Rg3 Qxh4+ 34. Rh3 Qf4+ 35. Rg3 h4 36. Qe8+ Kg7 37. Qe7+ Kg8 38. Qe8+ Kg7 39. Qe7+ Kg8 40. Qe8+ 1/2-1/2


[Site "https://www.chess.com"]

[Event "Titled Tuesday Blitz June 20 Early 2023"]
[White "Gatterer, Florian"]
[Black "Simonovic, Miroslav"]
[WhiteFideId "811688"]
[BlackFideId "919152"]
[WhiteElo "2221"]
[BlackElo "2075"]
[Result "1/2-1/2"]
[Round "9"]
[TimeControl "180+2"]
[Date "2023.06.20"]
[WhiteClock "0:02:35"]
[BlackClock "0:03:03"]
[Board "131"]

1. e4 c5 2. d4 cxd4 3. c3 dxc3 4. Nxc3 Nc6 5. Nf3 d6 6. Bc4 e6 7. O-O Be7 8. Qe2 Nf6 9. Rd1 Qa5 10. a3 a6 11. b4 Qh5 1/2-1/2


[Site "https://www.chess.com"]

[Event "Titled Tuesday Blitz June 20 Early 2023"]
[White "Mayaud, Raphael"]
[Black "Carrasco Miranda, Andres"]
[WhiteFideId "627151"]
[BlackFideId "3405990"]
[WhiteElo "2191"]
[BlackElo "2183"]
[Result "1/2-1/2"]
[Round "9"]
[TimeControl "180+2"]
[Date "2023.06.20"]
[WhiteClock "0:00:55"]
[BlackClock "0:01:09"]
[Board "132"]

1. d4 Nf6 2. Bg5 d5 3. Bxf6 gxf6 4. c4 e6 5. Nc3 Bb4 6. Qb3 Nc6 7. e3 a5 8. cxd5 Qxd5 9. Qxd5 exd5 10. Ne2 a4 11. a3 Ba5 12. g3 Be6 13. Bg2 Ne7 14. O-O Bxc3 15. bxc3 c6 16. Rab1 b5 17. Nf4 Kd7 18. Rfe1 f5 19. Nd3 Kd6 20. Nc5 h5 21. h4 Nc8 22. Kh2 Nb6 23. Bf1 Nd7 24. Nd3 Nf6 25. Bg2 Rhg8 26. Bf3 Ng4+ 27. Bxg4 fxg4 28. Nf4 Bf5 29. Rb2 Rh8 30. Kg2 Be4+ 31. Kh2 Bf3 32. Rc1 Rae8 33. Rcc2 1/2-1/2


[Site "https://www.chess.com"]

[Event "Titled Tuesday Blitz June 20 Early 2023"]
[White "Ai, Evan"]
[Black "Antonio, Jorge Carlos"]
[WhiteFideId "2094770"]
[BlackFideId "113190"]
[WhiteElo "1963"]
[BlackElo "2247"]
[Result "1-0"]
[Round "9"]
[TimeControl "180+2"]
[Date "2023.06.20"]
[WhiteClock "0:00:29"]
[BlackClock "0:00:06"]
[Board "133"]

1. e4 e5 2. Nf3 Nc6 3. Bb5 Nf6 4. O-O Nxe4 5. d4 Nd6 6. Bxc6 dxc6 7. dxe5 Nf5 8. Qxd8+ Kxd8 9. h3 Be6 10. Nc3 Bb4 11. Ne4 Ke7 12. Bg5+ Ke8 13. g4 Bd5 14. Ned2 h6 15. Bf4 Bxd2 16. Nxd2 Nd4 17. Kh2 Nxc2 18. Rac1 Nb4 19. Bg3 Nxa2 20. Rce1 Nb4 21. f4 Nd3 22. Re3 Nc5 23. f5 Kd7 24. b4 Na6 25. Rd1 Rae8 26. Ne4 Kc8 27. b5 Nb4 28. Nc3 Nc2 29. Re2 Nb4 30. Rb2 a5 31. bxa6 Nxa6 32. Nxd5 cxd5 33. Rxd5 Rd8 34. Rdb5 b6 35. e6 fxe6 36. fxe6 Rd6 37. Bxd6 cxd6 38. Rxb6 Nc7 39. Rb8# 1-0


[Site "https://www.chess.com"]

[Event "Titled Tuesday Blitz June 20 Early 2023"]
[White "Buchenau, Frank"]
[Black "agvania123"]
[WhiteFideId "4604350"]
[WhiteElo "2157"]
[BlackElo "2260"]
[Result "0-1"]
[Round "9"]
[TimeControl "180+2"]
[Date "2023.06.20"]
[WhiteClock "0:00:00"]
[BlackClock "0:00:38"]
[Board "134"]

1. e4 d5 2. exd5 Qxd5 3. Nc3 Qd8 4. d4 Nf6 5. Nf3 Bg4 6. h3 Bxf3 7. Qxf3 c6 8. Be3 e6 9. O-O-O Bb4 10. Ne4 Nxe4 11. Qxe4 Qd5 12. Qxd5 cxd5 13. c4 dxc4 14. Bxc4 Nd7 15. Kb1 Nb6 16. Bb3 O-O-O 17. Bf4 Bd6 18. Rc1+ Kb8 19. Bg5 f6 20. Bd2 Nd5 21. Rhe1 Rhe8 22. Re4 Re7 23. Rce1 Bb4 24. Bxb4 Nxb4 25. Rxe6 Rxe6 26. Rxe6 Rxd4 27. Re8+ Kc7 28. Re7+ Rd7 29. Rxd7+ Kxd7 30. Bc4 Kd6 31. a3 Nc6 32. Kc2 a6 33. Kc3 Ne5 34. Be2 g6 35. f4 Nd7 36. Bf3 b5 37. Kd4 Nc5 38. g4 Ne6+ 39. Ke3 g5 40. fxg5 fxg5 41. Ke4 Nf4 42. h4 h6 43. hxg5 hxg5 44. Kf5 Ne6 45. Kf6 a5 46. Be4 b4 47. axb4 axb4 48. Bf5 Nd4 49. Kxg5 Ke5 50. Bd3 Nf3+ 51. Kg6 Nh4+ 52. Kh5 Ng2 53. g5 Nf4+ 54. Kh6 Nxd3 55. g6 Nf2 56. Kg5 Ne4+ 57. Kh6 Nf6 58. Kg7 b3 59. Kf7 Nh5 60. Ke7 Ke4 61. Ke6 Nf4+ 0-1


[Site "https://www.chess.com"]

[Event "Titled Tuesday Blitz June 20 Early 2023"]
[White "Vega Gutierrez, Sabrina"]
[Black "Tuleyeva-Aketayeva, Dana"]
[WhiteFideId "2219026"]
[BlackFideId "13701932"]
[WhiteElo "2209"]
[BlackElo "2030"]
[Result "1-0"]
[Round "9"]
[TimeControl "180+2"]
[Date "2023.06.20"]
[WhiteClock "0:00:20"]
[BlackClock "0:00:09"]
[Board "135"]

1. e4 d5 2. exd5 Qxd5 3. Nf3 Bg4 4. Be2 Nc6 5. d4 O-O-O 6. c4 Qh5 7. Be3 e5 8. d5 Bb4+ 9. Kf1 Nce7 10. Qa4 a5 11. a3 e4 12. Nd4 Bxe2+ 13. Nxe2 Bd6 14. Qxa5 Nf6 15. Qa8+ Kd7 16. Qa4+ Kc8 17. Nbc3 Be5 18. Nb5 b6 19. Qa7 Kd7 20. d6 Ra8 21. Qxc7+ Ke6 22. Qxe7+ Kf5 23. Nbd4+ Bxd4 24. Ng3+ Kg6 25. Nxh5 Nxh5 26. Bxd4 Rhf8 27. h4 Rfe8 28. Qg5# 1-0


[Site "https://www.chess.com"]

[Event "Titled Tuesday Blitz June 20 Early 2023"]
[White "De Souza, Cristiano Gomes"]
[Black "Ramirez Vido, Robert Yorisan"]
[WhiteFideId "2151758"]
[BlackFideId "3513823"]
[WhiteElo "2068"]
[BlackElo "2399"]
[Result "1-0"]
[Round "9"]
[TimeControl "180+2"]
[Date "2023.06.20"]
[WhiteClock "0:01:17"]
[BlackClock "0:00:00"]
[Board "136"]

1. d4 g6 2. c4 Nf6 3. Nf3 Bg7 4. Nc3 O-O 5. e4 d6 6. Be2 Na6 7. O-O e5 8. Be3 Ng4 9. Bg5 Qe8 10. d5 f6 11. Bh4 Nh6 12. Nd2 Nc5 13. Bf3 f5 14. b4 Nd7 15. Qc2 f4 16. Nb5 g5 17. Bxg5 Qg6 18. Bh4 Nf6 19. Nxc7 Bh3 20. Kh1 Rac8 21. gxh3 Rxc7 22. Rg1 Qe8 23. Qd3 Kh8 24. Rg2 Qa4 25. Rag1 Qxb4 26. Be2 Qb2 27. Nf3 b5 28. Ng5 bxc4 29. Qf3 c3 30. Ne6 c2 31. Nxc7 c1=Q 32. Ne6 Qxg1+ 33. Rxg1 1-0


[Site "https://www.chess.com"]

[Event "Titled Tuesday Blitz June 20 Early 2023"]
[White "Torres Dominguez, David"]
[Black "Slavin, Alexey"]
[WhiteFideId "2220857"]
[BlackFideId "24104388"]
[WhiteElo "1999"]
[BlackElo "2264"]
[Result "0-1"]
[Round "9"]
[TimeControl "180+2"]
[Date "2023.06.20"]
[WhiteClock "0:00:00"]
[BlackClock "0:00:24"]
[Board "137"]

1. e4 Nc6 2. Nc3 d6 3. Bc4 Nf6 4. d4 e5 5. Nf3 Bg4 6. dxe5 dxe5 7. Qxd8+ Rxd8 8. Ng5 Bh5 9. Bb5 Bb4 10. Bxc6+ bxc6 11. Bd2 h6 12. Nf3 Bxf3 13. gxf3 Ke7 14. O-O-O Nh5 15. Ne2 Bxd2+ 16. Rxd2 Rd6 17. Rhd1 g5 18. Ng3 Ng7 19. Nf1 Rhd8 20. Ne3 Ke6 21. Nc4 Rd4 22. b3 Nh5 23. c3 Rxd2 24. Rxd2 Rxd2 25. Kxd2 Nf4 26. a4 f6 27. b4 Kd7 28. Ke3 h5 29. Kd2 h4 30. Ne3 Nh3 31. Ng4 Ke6 32. Ke3 Nf4 33. Nh6 Ng6 34. Nf5 Nf8 35. Kd3 Nd7 36. Ne3 Nb6 37. a5 Nc8 38. Kc4 Kd7 39. Kc5 Nd6 40. a6 Nb5 41. Nd1 Na3 0-1


[Site "https://www.chess.com"]

[Event "Titled Tuesday Blitz June 20 Early 2023"]
[White "Novikova, Galina"]
[Black "Sanchez, Robert"]
[WhiteFideId "4157095"]
[BlackFideId "2034360"]
[WhiteElo "1953"]
[BlackElo "2027"]
[Result "1-0"]
[Round "9"]
[TimeControl "180+2"]
[Date "2023.06.20"]
[WhiteClock "0:01:44"]
[BlackClock "0:02:31"]
[Board "138"]

1. e4 e6 2. Nf3 d5 3. e5 c5 4. b4 c4 5. c3 Nc6 6. d3 cxd3 7. Bxd3 Nge7 8. O-O Ng6 9. Re1 Be7 10. a4 O-O 11. a5 a6 12. g3 Bd7 13. h4 f5 14. exf6 Bxf6 15. Ng5 Nge5 16. Bxh7+ Kh8 17. Qh5 Bxg5 18. Bxg5 Nf3+ 19. Kh1 Nxg5 20. hxg5 1-0


[Site "https://www.chess.com"]

[Event "Titled Tuesday Blitz June 20 Early 2023"]
[White "Mazurkiewicz, Michal"]
[Black "luachess1"]
[WhiteFideId "1124943"]
[WhiteElo "2063"]
[BlackElo "1707"]
[Result "1-0"]
[Round "9"]
[TimeControl "180+2"]
[Date "2023.06.20"]
[WhiteClock "0:01:58"]
[BlackClock "0:00:17"]
[Board "139"]

1. e4 c5 2. Nf3 Nc6 3. g3 g6 4. Bg2 Bg7 5. O-O d6 6. Re1 Qc7 7. d3 Nf6 8. c3 O-O 9. d4 cxd4 10. cxd4 e6 11. Nc3 a6 12. h3 b5 13. e5 dxe5 14. dxe5 Nd7 15. Bf4 Rd8 16. Bg5 Re8 17. Ne4 Ndxe5 18. Nxe5 Bxe5 19. Nf6+ Bxf6 20. Bxf6 Bb7 21. Qd2 Ne7 22. Rac1 Qb6 23. g4 e5 24. Bxb7 Qxf6 25. Bxa8 Rxa8 26. Qe3 Nc6 27. Qe4 Rc8 28. Rc5 Qd8 29. Rxc6 1-0


[Site "https://www.chess.com"]